 Dungeon Crawl Stone Soup version bcrawl-1.35.4 (webtiles) character file.

Game seed: 3312539328959015362

410271 doomedcactus the Basher (level 10, -6/103 HPs)
             Began as an Ent Sloth Apostle on Jan 27, 2022.
             Was a High Priest of Cheibriados.
             Mangled by Gastronok (20 damage)
             ... on level 8 of the Dungeon.
             The game lasted 00:25:34 (6322 turns).

doomedcactus the Basher (Ent Sloth Apostle)         Turns: 6322, Time: 00:25:35

Health: -6/103     AC: 18    Str: 44    XL:     10   Next: 45%
Magic:  16/16      EV: 13    Int: 32    God:    Cheibriados [*****.]
Gold:   372        SH: 14    Dex: 23    Spells: 10/11 levels left

rFire    . . .     SeeInvis .   a - +0 mace
rCold    . . .     Gourm    .   b - +1 medium shield
rNeg     + + +     Faith    .   (armour unavailable)
rPois    +         Spirit   .   d - +1 hat
rElec    .         Reflect  .   (no cloak)
rCorr    .         Clarity  +   (gloves unavailable)
MR       +....                  (boots unavailable)
Stlth    ++++......             (no amulet)
HPRegen  0.27/turn              g - ring of wizardry
MPRegen  0.15/turn              y - ring "Qapreihi" {Str+8 Int+7 Slay+3}

@: slowed, very slow
A: large, slow actions, passwall, strong branches, negative energy resistance 3,
poison resistance, slow metabolism 1, torment resistance, unbreathing, AC +17
a: Passwall, Bend Time, Defer, Temporal Distortion, Step From Time, Renounce
Religion


You were on level 8 of the Dungeon.
You worshipped Cheibriados.
Cheibriados was extremely pleased with you.
You were hungry.

You visited 1 branch of the dungeon, and saw 8 of its levels.

You collected 575 gold pieces.
You spent 203 gold pieces at shops.

Inventory:

Hand Weapons
 a - a +0 mace (weapon)
 k - a +2 whip of flaming
 p - a +1 giant spiked club
Missiles
 f - 82 javelins
 C - 127 poisoned tomahawks (quivered)
 I - a throwing net {=f}
Armour
 b - a +1 medium shield (worn)
 d - a +1 hat (worn)
Jewellery
 g - a ring of wizardry (left hand)
 o - an uncursed ring of magical power
 y - the ring "Qapreihi" (right hand) {Str+8 Int+7 Slay+3}
   (You found it on level 6 of the Dungeon)

   [ring of strength]

   It affects your strength (+8).
   It affects your intelligence (+7).
   It affects your accuracy and damage with ranged weapons and melee attacks
   (+3).
Wands
 c - a wand of paralysis (10)
 x - a wand of polymorph (10)
Scrolls
 i - 5 scrolls of identify
 j - 7 scrolls of amnesia
 l - a scroll of fog
 v - 2 scrolls of teleportation
 B - 3 scrolls of enchant weapon
 D - a scroll of enchant armour
 E - 3 scrolls of remove curse
 H - a scroll of magic mapping
Potions
 h - a potion of flight {unknown}
 m - a potion of lignification {unknown}
 n - a potion of berserk rage {unknown}
 q - a potion of cancellation {unknown}
 r - 3 potions of brilliance {unknown}
 s - a potion of experience {unknown}
 t - a potion of haste
 u - 2 potions of heal wounds {unknown}
 w - a potion of invisibility
 A - a potion of degeneration {unknown}
 F - a potion of agility {unknown}
 G - a potion of mutation {unknown}
Comestibles
 e - 14 rations {!d}


   Skills:
 * Level 5.5 Fighting
 * Level 10.0 Maces & Flails
 + Level 1.3 Throwing
 + Level 5.6 Dodging
 + Level 5.8 Stealth
 + Level 6.3 Shields
 + Level 1.2 Spellcasting
 + Level 2.0 Hexes
 * Level 8.0 Invocations
 + Level 0.8 Evocations


You had 10 spell levels left.
You knew the following spells:

 Your Spells              Type           Power        Failure   Level  Hunger
a - Slow                  Hex            ###.....     4%          1    None

Your spell library contained the following spells:

 Spells                   Type           Power        Failure   Level  Hunger
 Corona                   Hex            ###....      4%          1    None
 Shackle                  Hex            ###.....     8%          2    ###....
 False Image              Hex/Summ       #.......     21%         3    #####..
 Inner Flame              Hex/Fire       N/A          21%         3    #####..
 Cause Fear               Hex            ###.......   41%         4    ######.
 Yara's Violent Unravell  Hex/Tmut       #.........   54%         4    ######.


Dungeon Overview and Level Annotations

Branches:
Dungeon (8/12)             Temple (0/1) D:7
   Lair: D:7-9          Orc: D:8-11

Altars:

Shops:
D:4 !   D:5 =

Annotations:
D:3 1 transporter, Grinder
D:6 2 transporters, Lazarus1551's ghost, novice DrWn
D:8 Gastronok; Grum


Innate Abilities, Weirdness & Mutations

You move and act slowly.
You can pass through walls and trees.
Your branches can wield two-handed weapons with a shield.
Your thick bark is tough. (AC +17)
You are too large for most types of armour.
You are immune to negative energy. (rN+++)
Your system is resistant to poisons. (rPois)
You have a slow metabolism.
You are immune to unholy pain and torment.
You can survive without breathing.


Message History

Gastronok looks at you and mumbles some strange words.
You feel yourself slow down. You block the shadow imp's attack.
The iron imp spits at you. You block the iron imp's attack.
The shadow imp barely misses you. Gastronok bites you!
* * * LOW HITPOINT WARNING * * *
The shadow imp misses you. You block the iron imp's attack.
You block the shadow imp's attack.
An orc warrior comes into view. It is wielding a +0 halberd.
The orc closely misses you. Gastronok casts a spell at you.
You barely resist. Gastronok bites you.
* * * LOW HITPOINT WARNING * * *
You block the iron imp's attack.
The orc hits you with a +0 short sword of draining.
* * * LOW HITPOINT WARNING * * *
Gastronok looks more healthy.
Gastronok bites you!
* * * LOW HITPOINT WARNING * * *
Gastronok bites you!!
You die...

....<#### ..###.
#.. .. #..
.#.#### ...### .
# #..!.. .≈≈♣≈
#..#.#
≈≈≈≈≈≈♣####..#.#
≈≈≈≈P≈≈≈.....#@#
≈PP≈P≈≈≈♣..5.wo#
≈≈≈≈≈≈≈P##...55##
≈≈≈≈≈P♣###......#
≈≈P≈PP #......#
≈≈≈♣♣♣ #......#
≈≈≈ #...o..# ≈≈
##..##.# #... .#


You could see Gastronok, an orc warrior, an iron imp, 2 shadow imps and an orc.

Vanquished Creatures
  A centaur warrior (D:6)
  Pikel (D:8)
  An ugly thing (D:6)
  Joseph (D:8)
  A hornet (D:6)
  Sigmund (D:2)
  Menkaure (D:5)
  2 orc warriors
  A necrophage (D:7)
  4 phantoms
  6 ogres
  A centaur (D:6)
  A wolf (D:8)
  Blork the orc (D:4)
  2 bullfrogs (D:5)
  3 scorpions
  12 killer bees (D:7)
  2 orc priests
  3 howler monkeys
  A crimson imp (D:6)
  A centaur zombie (D:6)
  4 hounds
  A jelly (D:6)
  A quasit (D:7)
  A gnoll shaman (D:3)
  3 orc wizards
  A bullfrog skeleton (D:4)
  Ijyb (D:5)
  3 iguanas
  4 worker ants
  A hound zombie (D:6)
  2 howler monkey zombies
  2 worker ant zombies
  Robin (D:2)
  5 gnolls
  A howler monkey skeleton (D:6)
  6 adders
  5 oozes
  3 adder skeletons
  2 adder zombies (D:4)
  3 worms (D:2)
  4 dart slugs
  3 leopard geckos
  25 orcs
  3 goblins
  5 hobgoblins
  12 jackals
  6 kobolds
  3 quokkas
  A ball python (D:2)
  2 bats
  2 frilled lizards (D:1)
  A quokka skeleton (D:4)
  3 quokka zombies (D:4)
  3 rats
170 creatures vanquished.

Vanquished Creatures (others)
  4 slaves (D:8)
  An adder (D:8)
  2 plants (D:8)
7 creatures vanquished.

Grand Total: 177 creatures vanquished

Notes
Turn   | Place    | Note
-------+----------+-------------------------------------------
     0 | D:1      | doomedcactus the Ent Sloth Apostle began the quest for the
                  | Orb.
     0 | D:1      | Reached XP level 1. HP: 22/22 MP: 2/2
   264 | D:1      | Reached XP level 2. HP: 30/30 MP: 3/3
   561 | D:2      | Reached skill level 3 in Maces & Flails
   680 | D:2      | Noticed Robin
   682 | D:2      | Killed Robin
   683 | D:2      | Reached XP level 3. HP: 33/37 MP: 4/4
   773 | D:2      | Reached * piety under Cheibriados
   998 | D:2      | Reached skill level 1 in Invocations
  1003 | D:2      | Noticed Sigmund
  1052 | D:2      | Killed Sigmund
  1053 | D:2      | Reached skill level 4 in Maces & Flails
  1053 | D:2      | Reached skill level 1 in Dodging
  1053 | D:2      | Reached XP level 4. HP: 37/49 MP: 5/5
  1053 | D:2      | Reached XP level 5. HP: 43/57 MP: 6/6
  1440 | D:3      | Noticed Grinder
  1440 | D:3      | Noticed an ogre
  1453 | D:2      | Killed an ogre
  1454 | D:2      | Reached skill level 5 in Maces & Flails
  1454 | D:2      | Reached XP level 6. HP: 44/65 MP: 7/7
  1600 | D:3      | Found a transporter.
  1683 | D:3      | Reached ** piety under Cheibriados
  1837 | D:4      | Noticed a troll
  1873 | D:4      | Noticed Blork the orc
  1893 | D:4      | Killed Blork the orc
  1894 | D:4      | Reached XP level 7. HP: 30/72 MP: 9/9
  2002 | D:4      | Found Rol Yrgh's Distillery.
  2005 | D:4      | Bought a potion of curing for 27 gold pieces
  2005 | D:4      | Bought a potion of might for 44 gold pieces
  2099 | D:4      | Reached *** piety under Cheibriados
  2134 | D:4      | Reached skill level 6 in Maces & Flails
  2643 | D:5      | Entered Level 5 of the Dungeon
  2690 | D:5      | Reached XP level 8. HP: 7/84 MP: 11/11
  2849 | D:4      | Bought a potion of might for 44 gold pieces
  2849 | D:4      | Bought a potion of invisibility for 88 gold pieces
  2967 | D:5      | Noticed Menkaure
  2980 | D:5      | Killed Menkaure
  3013 | D:5      | Reached **** piety under Cheibriados
  3193 | D:5      | Noticed Ijyb
  3203 | D:5      | Killed Ijyb
  3401 | D:5      | Reached skill level 7 in Maces & Flails
  3444 | D:5      | Reached skill level 5 in Invocations
  3500 | D:5      | Found Kaucypn's Jewellery Boutique.
  4126 | D:6      | Noticed a centaur warrior
  4154 | D:6      | Got a coiled tin ring
  4156 | D:6      | Identified the ring "Qapreihi" {Str+8 Int+7 Slay+3} (You
                  | found it on level 6 of the Dungeon)
  4275 | D:6      | Killed a centaur warrior
  4276 | D:6      | Reached skill level 5 in Stealth
  4276 | D:6      | Reached XP level 9. HP: 19/92 MP: 11/13
  4445 | D:6      | Reached skill level 8 in Maces & Flails
  4445 | D:6      | Reached skill level 5 in Shields
  4678 | D:6      | Found a transporter.
  4678 | D:6      | Noticed a purple ugly thing
  4703 | D:6      | Killed a purple ugly thing
  4708 | D:6      | Reached ***** piety under Cheibriados
  4722 | D:6      | Reached skill level 5 in Fighting
  4867 | D:6      | Found a transporter.
  4978 | D:6      | Noticed Lazarus1551's ghost (novice DrWn)
  5015 | D:6      | Reached skill level 9 in Maces & Flails
  5015 | D:6      | Reached skill level 5 in Dodging
  5677 | D:7      | Reached XP level 10. HP: 95/103 MP: 15/15
  5682 | D:7      | Reached skill level 1 in Throwing
  5843 | D:7      | Found a staircase to the Ecumenical Temple.
  6197 | D:8      | Noticed Joseph
  6204 | D:8      | Killed Joseph
  6264 | D:8      | Noticed Pikel
  6266 | D:8      | Noticed an elephant
  6267 | D:8      | Noticed Grum
  6290 | D:8      | Killed Pikel
  6291 | D:8      | Reached skill level 10 in Maces & Flails
  6312 | D:8      | Noticed Gastronok
  6322 | D:8      | Mangled by Gastronok

Skill      XL: |  1  2  3  4  5  6  7  8  9 10 |
---------------+-------------------------------+-----
Maces & Flails | 3 4 5 6 7 9 10 | 10.0
Stealth        | 4 5 |  5.8
Invocations    | 2 3 4 6 7 8 |  8.0
Fighting       | 3 4 5 |  5.5
Dodging        | 1 2 4 5 |  5.6
Shields        | 2 3 4 5 6 |  6.3
Throwing       | 1 |  1.3
Spellcasting   | |  1.2
Hexes          | |  2.0
Evocations     | |  0.8

Action                   |  1- 3 |  4- 6 |  7- 9 | 10-12 || total
-------------------------+-------+-------+-------+-------++-------
Melee: Mace              |   100 |       |   311 |   121 ||   532
       Whip              |     7 |   140 |    54 |       ||   201
Throw: Javelin           |     5 |     5 |     6 |       ||    16
       Tomahawk          |       |       |     5 |    14 ||    19
  Use: Scroll            |     5 |     1 |     7 |     1 ||    14
       Potion            |       |       |     4 |     1 ||     5
 Stab: Sleeping          |     3 |     1 |     6 |     2 ||    12
       Distracted        |       |       |       |     1 ||     1
  Eat: Chunk             |     4 |     1 |    12 |     5 ||    22
       Ration            |       |     1 |     2 |       ||     3
Armor: Skin              |    51 |   186 |   278 |    59 ||   574
Dodge: Dodged            |    38 |   111 |   187 |    78 ||   414
Block: Medium shield     |    54 |   127 |   367 |   130 ||   678
